 Dungeon Crawl Stone Soup version 0.15.2 (webtiles) character file.

356938 ghwc the Conqueror (level 21, -7/236 (238) HPs)
             Began as an Ogre Berserker on Nov 11, 2014.
             Was the Champion of Trog.
             Killed from afar by a starcursed mass (9 damage)
             ... with an accursed screaming
             ... on Level 1 of the Abyss on Nov 14, 2014.
             The game lasted 02:39:47 (58983 turns).

ghwc the Conqueror (Ogre Berserker)                Turns: 58983, Time: 02:39:47

HP  -7/236 (238) AC 31     Str 30      XL: 21   Next: 97%
MP  27/27        EV 23     Int  6      God: Trog [******]
Gold 2526        SH  0     Dex 22      Spells:  0 memorised, 20 levels left

rFire  . . .     SeeInvis +     a - +7 giant club of Disavor {freeze, +Blink SInv}
rCold  + . .     Clarity  .     o - +6 ice dragon armour
rNeg   . . .     rCorr    .     (shield restricted)
rPois  .         rRot     .     j - +2 hat
rElec  .         Spirit   .     h - +1 cloak of Card Tricks {Str+2 Dex+4}
SustAb .         Warding  .     (gloves unavailable)
rMut   .         Stasis   .     (boots unavailable)
Gourm  .                        u - amulet of faith
MR     ++...                    g - +4 ring of evasion
                                H - ring of fire

@: lethally poisoned, very slightly contaminated, hasted, drained, very quick,
very resistant to hostile enchantments, extremely unstealthy
A: unfitting armour, iridescent scales 1, agile 1, frail 1, screaming 1, tough
skin 1
a: Burn Spellbooks, Berserk, Trog's Hand, Brothers in Arms, Renounce Religion,
Evoke Blink
}: 3/15 runes: barnacled, abyssal, gossamer


You were on level 1 of the Abyss.
You worshipped Trog.
Trog was exalted by your worship.
You were not hungry.

You visited 7 branches of the dungeon, and saw 42 of its levels.
You visited the Abyss 2 times.
You visited 1 bazaar.
You also visited: Volcano.

You collected 4447 gold pieces.
You spent 1921 gold pieces at shops.

Inventory:

Hand weapons
 a - the +7 giant club of Disavor (weapon) {freeze, +Blink SInv}
   (Trog gifted it to you on level 3 of the Orcish Mines)

   It has been specially enchanted to freeze those struck by it, causing extra
   injury to most foes and up to double damage against particularly susceptible
   opponents.
   It can also slow down cold-blooded creatures.
   It enhances your eyesight.
   It lets you blink.
 b - the +7 giant spiked club "Suthreh" {elec, *Rage rF+}
   (Trog gifted it to you on level 4 of the Vaults)

   Occasionally, upon striking a foe, it will discharge some electrical energy
   and cause terrible harm.
   It protects you from fire.
   It may make you go berserk in combat.
 n - the +3 giant club of a Hundred Curses {vamp, rElec rPois MR++}
   (Trog gifted it to you on level 1 of the Abyss)

   It inflicts no extra harm, but heals its wielder somewhat when it strikes a
   living foe.
   It insulates you from electricity.
   It protects you from poison.
   It affects your resistance to hostile enchantments.
 w - the +8 giant club of Abuse {drain, rF+ rN+}
   (Trog gifted it to you on level 4 of the Vaults)

   A truly terrible weapon, it drains the life of those it strikes.
   It protects you from fire.
   It protects you from negative energy.
 U - a +0 blowgun
 Y - the +9 giant spiked club of Killer Bee's Doom {elec, +Rage rPois}
   (Trog gifted it to you on level 5 of the Shoals)

   Occasionally, upon striking a foe, it will discharge some electrical energy
   and cause terrible harm.
   It protects you from poison.
   It lets you go berserk.
Missiles
 f - 86 large rocks (quivered)
 M - 10 curare-tipped needles
Armour
 h - the +1 cloak of Card Tricks (worn) {Str+2 Dex+4}
   (You bought it in a shop in a bazaar)

   It affects your strength (+2).
   It affects your dexterity (+4).
 j - a +2 hat (worn)
 o - a +6 ice dragon armour (worn)
 D - the +0 pearl dragon armour of the Untouchables {rN+ Str+1 Int+2}
   (You acquired it on level 3 of the Abyss)

   It affects your strength (+1).
   It affects your intelligence (+2).
   It protects you from negative energy.
Magical devices
 i - a wand of digging (4)
 x - a wand of fire (7)
 C - a wand of draining (4)
 J - a wand of cold (6)
 P - a wand of disintegration (15)
Comestibles
 z - 5 meat rations
 F - a chunk of elf flesh
Scrolls
 c - 4 scrolls of fear
 d - 2 scrolls of magic mapping
 e - 2 scrolls of recharging
 m - 2 scrolls of enchant weapon
 p - 7 scrolls of identify
 q - a scroll of silence
 r - 3 scrolls of teleportation
 v - 13 scrolls of remove curse
 L - 2 scrolls of vulnerability
 R - 4 scrolls of fog
 Z - 5 scrolls of blinking
Jewellery
 g - a +4 ring of evasion (right hand)
 u - an amulet of faith (around neck)
 A - an uncursed ring of regeneration
 H - a ring of fire (left hand)
 I - a +4 ring of slaying
Potions
 l - 7 potions of resistance
 s - 3 potions of agility
 t - a potion of might
 B - a potion of porridge
 E - 7 potions of curing
 K - a potion of magic
 O - a potion of lignification
 Q - a potion of cancellation
 S - 2 potions of heal wounds
 T - a potion of invisibility
 X - a potion of brilliance
Miscellaneous
 y - a lantern of shadows
 G - a fan of gales
 N - a lamp of fire
 W - a disc of storms


   Skills:
 O Level 27(26.7) Fighting
 - Level 20.3(20.1) Maces & Flails
 - Level 5.1(4.9) Throwing
 + Level 17.3(17.0) Armour
 - Level 13.4(13.2) Dodging
 - Level 5.0(4.8) Evocations


You had 20 spell levels left.
You didn't know any spells.

Dungeon Overview and Level Annotations

Branches:
Dungeon (15/15)            Temple (0/1) D:4             Orc (4/4) D:12
    Elf (0/3) Orc:3          Lair (8/8) D:8          Shoals (5/5) Lair:6
 Spider (5/5) Lair:6        Slime (0/6) Lair:7       Vaults (4/5) D:14
  Crypt (0/3) Vaults:2     Depths (1/5) D:15

Altars:
Ashenzari
Cheibriados
Makhleb
Qazlal
Beogh
Jiyva

Shops:
D:9 }(?=   Orc:4 [%=   Vaults:1 [   Vaults:2 !   Vaults:4 :

Portals:
Hell: Lair:8 Depths:1

Annotations:
Shoals:5 exclusion: Roxanne, Roxanne


Innate Abilities, Weirdness & Mutations

You are too large for most types of armour.
You have tough skin (AC +1).
You are partially covered in iridescent scales (AC +4).
You are agile. (Dex +2)
You are frail (-10% HP).
You occasionally shout uncontrollably at your foes.


Message History

The bone dragon tramples you but does no damage.
The white very ugly thing headbutts you but does no damage.
The green death misses you.
You pound the starspawn tentacle like an anvil!!!
You freeze the starspawn tentacle.
You destroy the starspawn tentacle!
A starcursed mass splits.
A chorus of shrieks assaults your mind.
* * * LOW HITPOINT WARNING * * *
The bone dragon bites you but does no damage.
The bone dragon closely misses you. The bone dragon completely misses you.
The green death gestures at you. The poison arrow hits you!
You are poisoned.
* * * LOW HITPOINT WARNING * * *
You see here a twisted smoking staff.
* * * LOW HITPOINT WARNING * * *
You feel sick. A chorus of shrieks assaults your mind.
You die...

.. #..# #
.#...#### ...
#.......####...#
......#.......
#...#...#...
#..@#........
####|....##.##
#...X.#.......
#.D2.###....#.
#..u.X w.ยง.. #
###XX....# !.X
..#.)....# .X
..........#
...#...#..


You could see 2 starcursed masses and a tentacled starspawn.

Vanquished Creatures
  An ancient lich (Abyss:1)
  Norris (Vaults:1)
  Nikola (Shoals:1)
  A bone dragon (Abyss:3)
  7 tentacled starspawn
  Rupert (Lair:4)
  An Executioner (Abyss:2)
  Agnes (Vaults:4)
  Kirke (D:14)
  A revenant (Abyss:1)
  A deep elf sorcerer (Abyss:1)
  3 fire giants (Vaults:4)
  Maud (Lair:6)
  5 ghost moths
  6 emperor scorpions
  8 vault wardens
  2 frost giants (Vaults:4)
  Gastronok (D:10)
  4 stone giants
  3 very ugly things (Vaults:4)
  A draconian caller (Abyss:3)
  4 crystal guardians
  3 merfolk javelineers (Shoals:5)
  Snorg (Lair:8)
  6 vault guards
  4 ettins
  8 merfolk impalers
  7 hydras
  A great orb of eyes (shapeshifter) (Abyss:3)
  7 ironheart preservers
  Fannar (Lair:6)
  6 yaktaur captains
  2 rakshasas (Abyss:3)
  The ghost of gabygaby the Geomancer, a powerful GrEE of Sif Muna (D:13)
  3 great orbs of eyes
  A ravenous feature mimic (Lair:6)
  A ghost crab (Vaults:2)
  A ravenous item mimic (Abyss:3)
  Erica (D:13)
  A satyr (shapeshifter) (Abyss:3)
  4 sirens
  9 centaur warriors
  3 alligator snapping turtles
  9 merfolk aquamancers
  10 ogre magi
  2 deep troll shamans (Vaults:4)
  A satyr (Shoals:4)
  4 death yaks
  6 orc high priests (Orc:4)
  2 tengu warriors
  2 titan zombies
  A hell knight (D:15)
  3 catoblepae
  Nergalle (Orc:2)
  8 thrashing horrors
  A storm dragon zombie (Vaults:2)
  A titan skeleton (Abyss:3)
  3 deep elf knights
  10 wretched stars
  4 skeletal warriors (D:9)
  A shadow wraith (Abyss:3)
  An ice devil (Abyss:3)
  A spatial maelstrom (Abyss:3)
  2 cherubim (Abyss:3)
  2 fire crabs (Vaults:3)
  2 flayed ghosts
  A golden dragon zombie (Abyss:3)
  9 deep trolls
  3 unseen horrors
  10 large abominations
  10 sea snakes
  8 hill giants
  11 orb spiders
  7 wizards
  An ice statue (Vaults:1)
  3 giant orange brains
  31 harpies
  An anaconda skeleton (Abyss:3)
  6 starcursed masses
  7 ironbrand convokers
  4 necromancers
  14 griffons
  A sphinx zombie (Vaults:2)
  6 orc knights
  An orc sorcerer (Orc:3)
  5 fauns
  11 manticores
  A stone giant zombie (Vaults:2)
  A deep elf conjurer (Vaults:2)
  26 wolf spiders
  10 mermaids
  9 red wasps
  8 water nymphs
  14 cyclopes
  6 elephants
  An octopode (shapeshifter) (Vaults:4)
  23 ugly things
  A worldbinder (Abyss:3)
  3 moths of wrath
  An apocalypse crab (Abyss:3)
  10 vault sentinels
  A centaur zombie (D:15)
  2 guardian serpents (shapeshifter) (Abyss:3)
  3 torpor snails
  An eye of devastation (Abyss:3)
  12 black mambas
  A gargoyle (D:10)
  4 orange demons
  9 spiny frogs
  2 yaktaur zombies (Vaults:2)
  Psyche (D:12)
  2 centaur skeletons
  A feature mimic (Orc:4)
  A fire drake (Lair:8)
  2 hellwings (Abyss:3)
  5 efreet
  A kobold demonologist (Vaults:2)
  4 komodo dragons
  A tengu conjurer (Shoals:1)
  34 yaktaurs
  8 demonic crawlers
  A queen bee (D:14)
  A deep elf priest (Vaults:3)
  4 ancient zymes
  10 trolls
  4 freezing wraiths (Vaults:2)
  31 merfolk
  A polar bear (Lair:7)
  3 ravens
  A blue devil (Abyss:3)
  7 boulder beetles
  A giant leech (shapeshifter) (Abyss:3)
  6 wind drakes
  28 jumping spiders
  9 blink frogs
  A griffon zombie (D:15)
  A raven (shapeshifter) (Vaults:1)
  15 two-headed ogres
  9 raiju
  24 slime creatures
  12 snapping turtles
  A basilisk (shapeshifter) (Vaults:1)
  3 basilisks
  A redback (shapeshifter) (Vaults:4)
  2 flying skulls
  25 trapdoor spiders
  19 yaks
  7 deep elf magi
  12 water elementals
  2 shadows
  22 tarantellas
  2 vampires
  40 redbacks
  7 wyverns
  19 humans (D:14)
  4 ynoxinuls
  Eustachio (D:10)
  4 fire bats
  A wraith (D:14)
  4 hogs (D:14)
  Grum (Orc:2)
  12 deep elf fighters
  20 vampire mosquitoes
  12 hippogriffs
  3 hungry ghosts
  3 neqoxecs
  15 water moccasins
  3 chaos spawn
  4 human zombies (D:14)
  12 wolves
  A soldier ant (shapeshifter) (Vaults:4)
  Edmund (D:6)
  2 mottled dragons
  Menkaure (D:6)
  A hell hound (Lair:8)
  A hill giant skeleton (D:14)
  9 porcupines
  7 wargs
  5 ice beasts
  8 sky beasts
  A tengu skeleton (D:15)
  31 spiders
  12 small abominations
  A manticore zombie (D:13)
  2 black bears (D:10)
  2 phantoms
  26 centaurs
  32 ogres
  19 orc warriors
  3 boggarts (Vaults:1)
  7 necrophages
  An ogre (shapeshifter) (Abyss:3)
  10 crocodiles
  A human skeleton (Vaults:2)
  A boring beetle (Lair:6)
  Sigmund (D:5)
  Duvessa (D:5)
  A brain worm (Lair:8)
  Blork the orc (D:6)
  5 big kobolds
  26 giant frogs
  A cyclops zombie (D:12)
  3 scorpions
  A hippogriff zombie (D:10)
  An eye of draining (D:9)
  30 killer bees
  2 electric eels
  2 goliath beetles (D:6)
  10 wights
  14 hounds
  4 crimson imps
  39 orc priests
  5 quasits
  A two-headed ogre zombie (D:6)
  Crazy Yiuf (D:3)
  A human simulacrum (Vaults:2)
  15 iguanas
  5 jellies
  4 worker ants
  3 orange rats (Lair:7)
  14 orc wizards
  A killer bee zombie (D:9)
  Ijyb (D:3)
  An ogre zombie (D:11)
  25 sheep
  A hound zombie (D:10)
  An ogre skeleton (D:8)
  A mottled dragon skeleton (D:12)
  4 mummies
  32 adders
  56 green rats
  A scorpion zombie (D:7)
  A steam dragon zombie (D:8)
  A worker ant zombie (D:5)
  3 white imps
  8 giant mites
  3 shadow imps
  5 ufetubi
  3 worms
  6 orc zombies
  2 oozes (D:2)
  122 orcs
  4 giant cockroaches
  22 goblins
  29 hobgoblins
  5 jackals
  A ball python (D:3)
  30 bats
  4 giant geckos
  5 giant newts
  2 giant spores
  A hobgoblin skeleton (D:8)
  60 kobolds
  14 quokkas
  A quokka skeleton (D:8)
  33 rats
  2 rat skeletons
  7 ballistomycetes
  A bush (Lair:3)
  A butterfly (Lair:6)
  2 plants
  5 starspawn tentacles
1875 creatures vanquished.

Vanquished Creatures (collateral kills)
  Ilsuiw (Shoals:5)
  A vault warden (Vaults:2)
  A crystal guardian (Abyss:3)
  2 merfolk javelineers (Shoals:5)
  2 merfolk impalers
  A merfolk aquamancer (Shoals:1)
  A satyr (Shoals:5)
  4 death yaks
  2 orb spiders (Spider:5)
  An ironbrand convoker (Vaults:1)
  4 harpies
  2 slime creatures (Vaults:1)
  3 manticores
  3 fauns
  3 orange demons (Lair:8)
  A spiny frog (Lair:8)
  A smoke demon (Orc:4)
  6 yaktaurs
  A hellwing (Lair:8)
  9 merfolk
  3 red devils (Lair:8)
  2 blue devils (Lair:8)
  Sonja (Shoals:1)
  A two-headed ogre (Vaults:1)
  2 ravens (Shoals:1)
  A blink frog (Lair:2)
  2 trapdoor spiders (Spider:5)
  11 water elementals
  A hell beast (Lair:8)
  A warg (Orc:4)
  An ice beast (Vaults:1)
  An ogre (Vaults:4)
  A centaur (Shoals:5)
  2 big kobolds (D:4)
  3 wights (D:6)
  An electric eel (Spider:5)
  2 orc priests (Orc:4)
  Dowan (D:5)
  4 orange rats (Lair:2)
  An adder (D:6)
  A gnoll (D:4)
  2 orcs (Orc:4)
  5 kobolds (D:4)
99 creatures vanquished.

Vanquished Creatures (others)
  2 deep trolls
  An unseen horror (Vaults:1)
  12 drowned souls
  4 trolls
  2 two-headed ogres
  A human (D:14)
  A boggart (Vaults:1)
  3 ogres
  A quasit (Abyss:3)
  A white imp (Abyss:3)
  2 ufetubi
  3 giant spores
  A ballistomycete (D:15)
  3 fungi
  14 starspawn tentacles
  52 starspawn tentacle segments
103 creatures vanquished.

Grand Total: 2077 creatures vanquished

Notes
Turn   | Place    | Note
--------------------------------------------------------------
     0 | D:1      | ghwc, the Ogre Berserker, began the quest for the Orb.
     0 | D:1      | Reached XP level 1. HP: 24/24 MP: 1/1
   250 | D:1      | Reached XP level 2. HP: 26/33 MP: 2/2
  1176 | D:2      | Acquired Trog's second power
  1262 | D:2      | Reached XP level 3. HP: 41/41 MP: 3/3
  1317 | D:2      | Reached skill level 5 in Fighting
  1380 | D:2      | Reached skill level 5 in Maces & Flails
  1429 | D:2      | Reached XP level 4. HP: 47/50 MP: 4/4
  2557 | D:3      | Reached XP level 5. HP: 35/59 MP: 5/5
  2562 | D:3      | Reached skill level 6 in Fighting
  2859 | D:3      | Noticed Crazy Yiuf
  2868 | D:3      | Killed Crazy Yiuf
  3110 | D:3      | Acquired Trog's third power
  3196 | D:3      | Noticed Ijyb
  3202 | D:3      | Killed Ijyb
  3833 | D:4      | Reached XP level 6. HP: 56/68 MP: 6/6
  4011 | D:4      | Found a staircase to the Ecumenical Temple.
  4443 | D:4      | Reached skill level 7 in Maces & Flails
  4749 | D:4      | Reached XP level 7. HP: 19/78 MP: 7/7
  4994 | D:4      | Received a gift from Trog
  5134 | D:4      | Reached skill level 8 in Fighting
  5625 | D:5      | Entered Level 5 of the Dungeon
  5625 | D:5      | Noticed Duvessa
  5625 | D:5      | Noticed Dowan
  6255 | D:5      | Noticed Sigmund
  6264 | D:5      | Killed Sigmund
  6471 | D:5      | Killed Dowan
  6479 | D:5      | Killed Duvessa
  6479 | D:5      | Reached skill level 9 in Fighting
  6479 | D:5      | Reached XP level 8. HP: 40/92 MP: 8/8
  7470 | D:6      | Noticed Blork the orc
  7479 | D:6      | Killed Blork the orc
  7794 | D:6      | Noticed Edmund
  7800 | D:6      | Noticed Menkaure
  7813 | D:6      | Killed Edmund
  7813 | D:6      | Reached skill level 10 in Fighting
  7813 | D:6      | Reached skill level 10 in Maces & Flails
  7832 | D:6      | Killed Menkaure
  8539 | D:7      | Reached XP level 9. HP: 102/102 MP: 9/9
  8676 | D:7      | Reached skill level 11 in Fighting
  9168 | D:7      | Found a snail-covered altar of Cheibriados.
 10093 | D:8      | Reached skill level 12 in Maces & Flails
 10369 | D:8      | Found a staircase to the Lair.
 10483 | Lair:1   | Entered Level 1 of the Lair of Beasts
 10504 | Lair:1   | Found a dark tunnel.
 10516 | Lair:1   | Reached XP level 10. HP: 81/118 MP: 10/10
 10640 | Volcano  | Entered a volcano
 10678 | Volcano  | Reached skill level 13 in Fighting
 11006 | Lair:1   | Received a gift from Trog
 11032 | Lair:1   | Noticed a black mamba
 11036 | Lair:1   | Killed a black mamba
 11293 | Lair:1   | Noticed a spiny frog
 11301 | Lair:1   | Killed a spiny frog
 11914 | Lair:2   | Reached skill level 14 in Fighting
 12589 | Lair:2   | Reached XP level 11. HP: 95/131 MP: 11/11
 12872 | Lair:2   | Reached skill level 15 in Fighting
 12872 | Lair:2   | Reached skill level 5 in Dodging
 13267 | Lair:2   | Reached XP level 12. HP: 118/143 MP: 12/12
 13556 | Lair:2   | Reached skill level 10 in Dodging
 14318 | Lair:3   | Gained mutation: You are agile. (Dex +2) [potion of beneficial mutation]
 15158 | Lair:4   | Reached skill level 1 in Evocations
 15311 | Lair:4   | Noticed Rupert
 15327 | Lair:4   | Killed Rupert
 15327 | Lair:4   | Reached skill level 16 in Fighting
 15979 | Lair:4   | Received a gift from Trog
 16002 | Lair:4   | Got an iridescent giant spiked club {god gift}
 16003 | Lair:4   | Identified the +4 giant spiked club of an ice cave {venom, rC+ rN+} (Trog gifted it to you on level 4 of the Lair of Beasts)
 17071 | Lair:5   | Reached XP level 13. HP: 154/154 MP: 21/21
 17192 | Lair:5   | Reached skill level 5 in Evocations
 17220 | Lair:5   | Reached skill level 17 in Fighting
 18071 | Lair:6   | Found a labyrinth entrance.
 18075 | Lair:6   | the labyrinth entrance was a mimic.
 18084 | Lair:6   | Reached skill level 18 in Fighting
 18423 | Lair:6   | Noticed Maud
 18435 | Lair:6   | Killed Maud
 18664 | Lair:6   | Noticed Fannar
 18688 | Lair:6   | Killed Fannar
 18949 | Lair:6   | Found a hole to the Spider Nest.
 18955 | Lair:6   | Found a staircase to the Shoals.
 19939 | Lair:6   | Reached skill level 15 in Maces & Flails
 20759 | Lair:7   | Received a gift from Trog
 21276 | Lair:7   | Found a staircase to the Slime Pits.
 21276 | Lair:7   | Found a viscous altar of Jiyva.
 21598 | Lair:8   | Entered Level 8 of the Lair of Beasts
 21881 | Lair:8   | Noticed Snorg
 21902 | Lair:8   | Killed Snorg
 22016 | Lair:8   | Reached XP level 14. HP: 149/168 MP: 22/22
 22514 | Lair:8   | Received a gift from Trog
 22521 | Lair:8   | Got an encrusted giant club {god gift}
 22522 | Lair:8   | Identified the +7 giant club of Lesuexte {crush, rC+ MR+} (Trog gifted it to you on level 8 of the Lair of Beasts)
 23758 | Lair:8   | Found a burning altar of Makhleb.
 23778 | Lair:8   | HP: 4/168 [hell beast (13)]
 24204 | Lair:8   | Found a gateway to Hell.
 24447 | Lair:2   | Identified a scroll of acquirement
 24555 | D:9      | Found a stormy altar of Qazlal.
 24573 | D:9      | Found Natzipha's Magic Scroll Boutique.
 24576 | D:9      | Bought a scroll of identify for 22 gold pieces
 24596 | D:9      | Found Vowk's Antique Weapon Emporium.
 24699 | D:9      | Reached skill level 19 in Maces & Flails
 24715 | D:9      | Received a gift from Trog
 24725 | D:9      | Found Kliocir's Gadget Emporium.
 24965 | D:9      | Found Usocsem's Jewellery Shop.
 24967 | D:9      | Bought an uncursed ring of see invisible for 225 gold pieces
 25476 | D:10     | Entered Level 10 of the Dungeon
 25677 | D:10     | Noticed Gastronok
 25684 | D:10     | Killed Gastronok
 25768 | D:10     | Noticed Eustachio
 25783 | D:10     | Killed Eustachio
 25850 | D:10     | Received a gift from Trog
 25856 | D:10     | Got a faintly glowing giant spiked club {god gift}
 25857 | D:10     | Identified the +6 giant spiked club "Basee" {crush, rF+} (Trog gifted it to you on level 10 of the Dungeon)
 26726 | D:11     | Reached skill level 20 in Maces & Flails
 26748 | D:11     | Found a flickering gateway to a bazaar.
 26756 | Bazaar   | Entered a bazaar
 26770 | Bazaar   | Found Amuaciof's Antique Weapon Shoppe.
 26770 | Bazaar   | Found Yruecosole's Assorted Antiques.
 26790 | Bazaar   | Bought a faintly humming cloak for 275 gold pieces
 26790 | Bazaar   | Bought an ichor-stained giant club for 194 gold pieces
 26791 | Bazaar   | Identified the cursed +2 giant club of Woe {crush, rC+ rN+ SInv} (You bought it in a shop in a bazaar)
 26802 | Bazaar   | Identified the +1 cloak of Card Tricks {Str+2 Dex+4} (You bought it in a shop in a bazaar)
 26820 | Bazaar   | Found Gonuh's Armour Emporium.
 26820 | Bazaar   | Found Kasis' Antique Armour Emporium.
 27495 | D:9      | Bought a scroll of enchant armour for 82 gold pieces
 27660 | D:12     | Found a staircase to the Orcish Mines.
 27729 | D:12     | Reached skill level 1 in Armour
 28027 | D:12     | Received a gift from Trog
 28031 | D:12     | Got an ichor-stained giant spiked club {god gift}
 28032 | D:12     | Identified the cursed +5 giant spiked club of the Undead {flame, +Blink rF- MR+ Curse} (Trog gifted it to you on level 12 of the Dungeon)
 28049 | D:12     | Noticed Psyche
 28062 | D:12     | Killed Psyche
 28062 | D:12     | Reached XP level 15. HP: 155/176 MP: 23/23
 28311 | Orc:1    | Entered Level 1 of the Orcish Mines
 28534 | Orc:2    | Noticed Nergalle
 28599 | Orc:2    | Noticed Grum
 28612 | Orc:1    | Received a gift from Trog
 28631 | Orc:2    | Killed Grum
 28917 | Orc:2    | Received a gift from Trog
 29163 | Orc:2    | Killed Nergalle
 29331 | Orc:3    | Found a staircase to the Elven Halls.
 29473 | Orc:3    | Received a gift from Trog
 29474 | Orc:3    | Got a transparent giant club {god gift}
 29475 | Orc:3    | Identified the cursed +7 giant club of Disavor {freeze, +Blink SInv} (Trog gifted it to you on level 3 of the Orcish Mines)
 29829 | Orc:4    | Entered Level 4 of the Orcish Mines
 30029 | Orc:4    | Reached skill level 5 in Armour
 30435 | Orc:4    | Found a roughly hewn altar of Beogh.
 30452 | Orc:4    | Received a gift from Trog
 30520 | Orc:4    | Found Ymuihao's Distillery.
 30536 | Orc:4    | Ymuihao's Distillery was a mimic.
 30547 | Orc:4    | Found Shrapp's Jewellery Shop.
 30610 | Orc:4    | Found Hoecw's Food Shoppe.
 30752 | Orc:4    | Found Hearaurch's Antique Armour Shop.
 30772 | Orc:4    | Received a gift from Trog
 31802 | D:13     | Noticed gabygaby's ghost (powerful GrEE)
 31812 | D:13     | Killed gabygaby's ghost
 32066 | D:13     | Received a gift from Trog
 32121 | D:13     | Noticed Erica
 32128 | D:13     | Killed Erica
 32743 | Lair:2   | Gained mutation: You are partially covered in iridescent scales (AC +4). [potion of beneficial mutation]
 33018 | D:14     | Noticed Kirke
 33192 | D:14     | Noticed a sphinx
 33193 | D:14     | Killed Kirke
 33193 | D:14     | Received a gift from Trog
 33197 | D:14     | Got a pitted giant spiked club {god gift}
 33199 | D:14     | Identified the +7 giant spiked club "Jusahif" {venom, rN+ Dex-1} (Trog gifted it to you on level 14 of the Dungeon)
 33305 | D:14     | Found a gate to the Vaults.
 33331 | D:14     | Received a gift from Trog
 33349 | D:14     | Got a slimy giant club {god gift}
 33350 | D:14     | Identified the +3 giant club of Trog's Righteous Anger {crush, +Rage rC+} (Trog gifted it to you on level 14 of the Dungeon)
 33459 | D:14     | Found a shattered altar of Ashenzari.
 33529 | D:14     | Reached skill level 10 in Armour
 33557 | D:14     | Reached XP level 16. HP: 162/186 MP: 24/24
 33818 | D:15     | Entered Level 15 of the Dungeon
 34440 | D:15     | Found a staircase to the Depths.
 34491 | D:15     | Received a gift from Trog
 34531 | D:15     | Got a smoking giant club {god gift}
 34532 | D:15     | Identified the +6 giant club of Ucocwoph {crush, +Blink rN+} (Trog gifted it to you on level 15 of the Dungeon)
 35165 | Depths:1 | Entered Level 1 of the Depths
 36184 | Orc:4    | Bought an uncursed ring of poison resistance for 260 gold pieces
 36184 | Orc:4    | Bought a +4 ring of evasion for 468 gold pieces
 36562 | Spider:1 | Entered Level 1 of the Spider Nest
 36582 | Spider:1 | Reached skill level 1 in Throwing
 36649 | Spider:1 | Received a gift from Trog
 37337 | Spider:2 | Reached skill level 5 in Throwing
 37697 | Spider:2 | Received a gift from Trog
 37700 | Spider:2 | Got a jewelled giant spiked club {god gift}
 37701 | Spider:2 | Identified the +6 giant spiked club of the Beginning {crush, Str+3 Dex-2} (Trog gifted it to you on level 2 of the Spider Nest)
 38181 | Spider:3 | Reached skill level 21 in Fighting
 38904 | Spider:4 | Reached XP level 17. HP: 197/203 MP: 25/25
 38989 | Spider:4 | Received a gift from Trog
 40061 | Spider:5 | Entered Level 5 of the Spider Nest
 40090 | Spider:5 | Received a gift from Trog
 41675 | Spider:5 | Received a gift from Trog
 42325 | Spider:5 | Received a gift from Trog
 42370 | Spider:5 | Reached skill level 22 in Fighting
 42709 | Spider:5 | Got a gossamer rune of Zot
 43613 | D:9      | Bought an uncursed ring of flight for 262 gold pieces
 43871 | Shoals:1 | Entered Level 1 of the Shoals
 43884 | Shoals:1 | Received a gift from Trog
 44052 | Shoals:1 | Reached XP level 18. HP: 166/216 MP: 25/25
 44065 | Shoals:1 | Received a gift from Trog
 44090 | Shoals:1 | Noticed Nikola
 44105 | Shoals:1 | Killed Nikola
 44438 | Shoals:1 | Noticed Sonja
 44446 | Shoals:1 | Killed Sonja
 44449 | Shoals:1 | Received a gift from Trog
 45162 | Shoals:1 | Received a gift from Trog
 45171 | Shoals:1 | Got a fine giant spiked club {god gift}
 45172 | Shoals:1 | Identified the +5 giant spiked club of Devotion {flame, +Rage Str+1} (Trog gifted it to you on level 1 of the Shoals)
 45780 | Shoals:2 | Received a gift from Trog
 46571 | Shoals:3 | Reached skill level 23 in Fighting
 47093 | Shoals:4 | Received a gift from Trog
 48075 | Shoals:5 | Entered Level 5 of the Shoals
 48102 | Shoals:5 | Noticed Ilsuiw
 48454 | Shoals:5 | Received a gift from Trog
 48586 | Shoals:5 | Reached XP level 19. HP: 223/229 MP: 26/26
 48692 | Shoals:5 | Received a gift from Trog
 48823 | Shoals:5 | Killed Ilsuiw
 48849 | Shoals:5 | Noticed Roxanne
 49121 | Shoals:5 | Received a gift from Trog
 49122 | Shoals:5 | Got a fine giant spiked club {god gift}
 49123 | Shoals:5 | Identified the +9 giant spiked club of Killer Bee's Doom {elec, +Rage rPois} (Trog gifted it to you on level 5 of the Shoals)
 49410 | Shoals:5 | Got a slimy jade amulet
 50119 | Shoals:5 | Got a barnacled rune of Zot
 50167 | Shoals:5 | Received a gift from Trog
 50479 | Lair:2   | Identified the amulet "Shoetigh" {Ward rN+ Str+3} (You found it on level 5 of the Shoals)
 50720 | Vaults:1 | Entered Level 1 of the Vaults
 50967 | Vaults:1 | Found Thy Meiwk's Antique Armour Shop.
 51028 | Vaults:1 | Received a gift from Trog
 51028 | Vaults:1 | Reached skill level 24 in Fighting
 51517 | Vaults:1 | Noticed Norris
 51529 | Vaults:1 | Killed Norris
 51713 | Vaults:1 | Received a gift from Trog
 52149 | Vaults:2 | Found Mnugung's Distillery.
 52154 | Vaults:2 | Paralysed by a great orb of eyes for 6 turns
 52205 | Vaults:2 | Bought a potion of agility for 35 gold pieces
 52205 | Vaults:2 | Bought a potion of heal wounds for 42 gold pieces
 52205 | Vaults:2 | Bought a potion of curing for 28 gold pieces
 52205 | Vaults:2 | Bought a potion of curing for 28 gold pieces
 52277 | Vaults:2 | Received a gift from Trog
 52444 | Vaults:2 | Received a gift from Trog
 52473 | Vaults:2 | Reached XP level 20. HP: 91/245 MP: 27/27
 53158 | Vaults:2 | Found a staircase to the Crypt.
 53469 | Vaults:2 | Reached skill level 25 in Fighting
 53544 | Vaults:2 | Received a gift from Trog
 53552 | Vaults:2 | Got a transparent giant spiked club {god gift}
 53553 | Vaults:2 | Identified the +9 giant spiked club of Khah {crush, *Tele} (Trog gifted it to you on level 2 of the Vaults)
 54044 | Vaults:3 | Cast into the Abyss (ogre mage)
 54271 | Abyss:1  | Received a gift from Trog
 54274 | Abyss:1  | Got a smoking giant club {god gift}
 54400 | Abyss:2  | Reached skill level 15 in Armour
 54978 | Abyss:3  | Noticed a bone dragon
 55171 | Abyss:3  | Gained mutation: You occasionally shout uncontrollably at your foes. [a neqoxec]
 55404 | Abyss:3  | Reached skill level 26 in Fighting
 55522 | Abyss:3  | Gained mutation: You are frail (-10% HP). [a neqoxec]
 55598 | Abyss:3  | Got a smoking pearl dragon armour
 55603 | Abyss:3  | Identified the +0 pearl dragon armour of the Untouchables {rN+ Str+1 Int+2} (You acquired it on level 3 of the Abyss)
 55792 | Abyss:3  | Reached XP level 21. HP: 189/206 MP: 24/24
 55796 | Abyss:3  | Noticed a bone dragon
 55813 | Abyss:3  | Killed a bone dragon
 55917 | Abyss:3  | Received a gift from Trog
 55944 | Abyss:3  | Got an abyssal rune of Zot
 56069 | Vaults:3 | Escaped the Abyss
 56204 | Vaults:3 | Received a gift from Trog
 56778 | Vaults:3 | Received a gift from Trog
 57271 | Vaults:4 | Received a gift from Trog
 57819 | Vaults:4 | Received a gift from Trog
 57820 | Vaults:4 | Got a fine giant club {god gift}
 57821 | Vaults:4 | Identified the +8 giant club of Abuse {drain, rF+ rN+} (Trog gifted it to you on level 4 of the Vaults)
 57822 | Vaults:4 | Identified the +3 giant club of a Hundred Curses {vamp, rElec rPois MR++} (Trog gifted it to you on level 1 of the Abyss)
 57957 | Vaults:4 | Noticed Agnes
 57961 | Vaults:4 | Killed Agnes
 58016 | Vaults:4 | Reached skill level 27 in Fighting
 58342 | Vaults:4 | Received a gift from Trog
 58343 | Vaults:4 | Got a shimmering giant spiked club {god gift}
 58344 | Vaults:4 | Identified the cursed +7 giant spiked club "Suthreh" {elec, *Rage rF+} (Trog gifted it to you on level 4 of the Vaults)
 58685 | Vaults:4 | Found Udegash's Book Boutique.
 58934 | Vaults:4 | Cast into the Abyss (deep elf sorcerer)
 58958 | Abyss:1  | Noticed an ancient lich
 58969 | Abyss:1  | Killed an ancient lich
 58982 | Abyss:1  | HP: 3/236 [green death/poison arrow (29)]
 58983 | Abyss:1  | Killed from afar by a starcursed mass

Action                   |  1- 3 |  4- 6 |  7- 9 | 10-12 | 13-15 | 16-18 | 19-21 || total
-------------------------+-------+-------+-------+-------+-------+-------+-------++-------
Melee: Mace              |    77 |   329 |   177 |       |       |       |       ||   583
       Dire flail        |       |       |    45 |       |       |       |       ||    45
       Flail             |       |       |   178 |   543 |   492 |       |       ||  1213
       Giant club        |       |       |       |       |   905 |  1087 |  1225 ||  3217
       Giant spiked club |       |       |       |       |       |    36 |   129 ||   165
Throw: Large rock        |       |       |       |       |       |    15 |    17 ||    32
Invok: Berserk           |     3 |     4 |     7 |     5 |     5 |     1 |     1 ||    26
       Trog's Hand       |       |     1 |       |       |     2 |     3 |    12 ||    18
       Brothers in Arms  |       |     1 |     3 |     3 |     8 |    11 |    11 ||    37
 Abil: Evoke Flight      |       |       |       |       |       |    53 |    18 ||    71
       Stop Flying       |       |       |       |       |       |    21 |     5 ||    26
Evoke: Wand              |       |       |       |     9 |    17 |    37 |     1 ||    64
       Fan of gales      |       |       |       |       |       |     1 |       ||     1
       Lamp of fire      |       |       |       |       |       |       |     1 ||     1
  Use: Scroll            |       |     2 |    10 |    13 |    21 |    14 |    15 ||    75
       Potion            |       |     2 |     1 |     2 |    13 |     7 |     9 ||    34
 Stab: Distracted        |       |       |     1 |       |     6 |     1 |     5 ||    13
       Paralysed         |       |       |       |     2 |       |     4 |       ||     6
       Sleeping          |       |       |       |     1 |    13 |       |       ||    14
       Betrayed ally     |       |       |       |       |       |     1 |       ||     1
       Invisible         |       |       |       |       |       |       |     3 ||     3
  Eat: Meat ration       |     1 |       |     2 |       |     5 |     5 |     4 ||    17
       Chunk             |       |     4 |       |       |    10 |     2 |    10 ||    26
       Fruit             |       |     2 |    16 |       |    10 |     4 |     9 ||    41
       Beef jerky        |       |     2 |       |     4 |     4 |     2 |     1 ||    13
       Bread ration      |       |     1 |       |     5 |     2 |     4 |       ||    12
       Pizza             |       |       |     3 |       |     3 |     1 |       ||     7
       Royal jelly       |       |       |       |       |       |     6 |     1 ||     7
